 Dungeon Crawl Stone Soup version 0.21.1-1-g345015f (webtiles) character file.

106 JeffiDaFish the Skirmisher (level 4, 0/51 HPs)
             Began as an Ogre Chaos Knight on Feb 19, 2018.
             Succumbed to a kobold's poison
             ... on level 3 of the Dungeon.
             The game lasted 00:03:19 (2092 turns).

JeffiDaFish the Skirmisher (Ogre Chaos Knight)      Turns: 2092, Time: 00:03:20

Health: 0/51       AC:  6    Str: 15 (16) XL:     4   Next: 84%
Magic:  4/4        EV: 10    Int: 14 (15) God:    Xom [.....*]
Gold:   63         SH:  3    Dex:  9      Spells: 3/3 levels left

rFire    . . .     SeeInvis .   e - +0 dire flail
rCold    + . .     Gourm    .   (shield currently unavailable)
rNeg     . . .     Faith    .   b - +2 robe
rPois    .         Spirit   .   (helmet restricted)
rElec    .         Reflect  +   (no cloak)
rCorr    .         Harm     .   (gloves unavailable)
MR       +....                  (boots unavailable)
Stlth    +.........             f - +3 amulet of reflection
HPRegen  0.17/turn              g - ring of protection from magic
MPRegen  0.09/turn              (no ring)

@: lethally poisoned (0 -> -33)
A: large, unfitting armour, horns 1, rugged brown scales 1, clever 1, cold
resistance 1, tough skin 1, wild magic 1
a: Renounce Religion


You were on level 3 of the Dungeon.
You worshipped Xom.
You were Xom's teddy bear.
You were not hungry.

You visited 1 branch of the dungeon, and saw 3 of its levels.

You collected 63 gold pieces.

Inventory:

Hand Weapons
 a - a +1 mace of chaos
 e - a +0 dire flail (weapon)
Armour
 b - a +2 robe (worn)
Jewellery
 f - a +3 amulet of reflection (around neck)
 g - a ring of protection from magic (left hand)
Scrolls
 d - 2 scrolls of noise
 h - a scroll of magic mapping
 i - a scroll of remove curse
 j - a scroll of identify
Books
 l - a book of Maledictions

   Spells                             Type                      Level
   a - Corona                         Hexes                        1
   b - Ensorcelled Hibernation        Hexes/Ice                    2
   c - Confuse                        Hexes                        3
   d - Tukima's Dance                 Hexes                        3
   e - Dazzling Spray                 Conjuration/Hexes            3
Comestibles
 c - 3 rations
 k - 2 chunks of flesh


   Skills:
 + Level 5.0 Fighting
 * Level 3.9 Maces & Flails
 + Level 2.8 Dodging


You had 3 spell levels left.
You didn't know any spells.

Dungeon Overview and Level Annotations

Branches:
Dungeon (3/15)

Altars:
Fedhas
Kikubaaqudgha
Xom


Innate Abilities, Weirdness & Mutations

You are too large for most types of armour.
You have tough skin. (AC +1)
You have a pair of small horns on your head.
You are partially covered in rugged brown scales. (AC +1, +3% HP)
Your mind is acute. (Int +2)
Your flesh is cold resistant. (rC+)
Your spells are a little harder to cast, but a little more powerful.


Message History

You feel very sick.
The kobold unwields an uncursed blowgun.
The kobold wields an uncursed club.
The kobold barely misses you.
You miss the kobold.
You kill the kobold!
* * * LOW HITPOINT WARNING * * *
You feel very sick.
* * * LOW HITPOINT WARNING * * *
You feel very sick.
Items here: ( )) † an uncursed club; an uncursed blowgun; 15 poisoned needles; a kobold corpse
* * * LOW HITPOINT WARNING * * *
You feel very sick.
* * * LOW HITPOINT WARNING * * *
You feel very sick.
* * * LOW HITPOINT WARNING * * *
You feel very sick.
You aren't carrying any potions.
You die...
Xom chuckles heartily!

###'#######
#..........
#.......... ########
#.......... #......#
###'####### #......#
#.# #......# #.#
#### #......# #.#
.....
#....@.#####'##.....
#...................
######(.............
#.(............
#..(.(.........
#..............
#?...(.........
#....).........
#..............


There were no monsters in sight!

Vanquished Creatures
  3 gnolls (D:2)
  4 adders (D:2)
  A worm (D:2)
  2 dart slugs (D:1)
  2 bats (D:1)
  4 giant cockroaches
  4 hobgoblins
  6 kobolds
  3 frilled lizards
  5 goblins (D:1)
  2 rats (D:1)
36 creatures vanquished.

Notes
Turn   | Place    | Note
-------+----------+-------------------------------------------
     0 | D:1      | JeffiDaFish the Ogre Chaos Knight began the quest for the Orb.
     0 | D:1      | Reached XP level 1. HP: 24/24 MP: 1/1
    10 | D:1      | XOM: potion effect (haste)
   143 | D:1      | Reached XP level 2. HP: 28/32 MP: 2/2
   171 | D:1      | XOM: cloud trail
   494 | D:1      | XOM: divination: detect items
   526 | D:1      | XOM: silly message
   688 | D:1      | XOM: scenery: create altars
   696 | D:1      | Reached XP level 3. HP: 40/40 MP: 3/3
   860 | D:1      | XOM: give mutation
   860 | D:1      | Gained mutation: You have a pair of small horns on your head. [Xom's grace]
  1080 | D:2      | XOM: god gift: dire flail {god gift}
  1109 | D:2      | Found an ancient bone altar of Kikubaaqudgha.
  1173 | D:2      | XOM: smoke on damage
  1177 | D:2      | XOM: scenery: create altars
  1186 | D:2      | Reached XP level 4. HP: 33/49 MP: 4/4
  1535 | D:2      | XOM: give mutations
  1535 | D:2      | Gained mutation: You are partially covered in rugged brown scales. (AC +1, +3% HP) [Xom's grace]
  1535 | D:2      | Gained mutation: Your spells are a little harder to cast, but a little more powerful. [Xom's grace]
  1535 | D:2      | Gained mutation: Your mind is acute. (Int +2) [Xom's grace]
  1535 | D:2      | Gained mutation: Your flesh is cold resistant. (rC+) [Xom's grace]
  1591 | D:2      | Found a blossoming altar of Fedhas.
  1610 | D:2      | Reached skill level 5 in Fighting
  1763 | D:2      | XOM: god gift: 25 stones
  2091 | D:3      | HP: 2/51 [poisoned by a kobold]
  2092 | D:3      | Succumbed to a kobold's poison

Skill      XL: |  1  2  3  4 |
---------------+-------------+-----
Maces & Flails | 3 |  3.9
Fighting       | 5 |  5.0
Dodging        | |  2.8

Action                   |  1- 3 |  4- 6 || total
-------------------------+-------+-------++-------
Melee: Mace              |    50 |       ||    50
       Dire flail        |    24 |    31 ||    55
       Headbutt          |     2 |     7 ||     9
  Use: Scroll            |     4 |     3 ||     7
       Potion            |     3 |     1 ||     4
 Stab: Sleeping          |       |     1 ||     1
  Eat: Chunk             |     1 |     3 ||     4
Armor: Robe              |    19 |     4 ||    23
Dodge: Dodged            |    43 |    20 ||    63
Block: Other             |     2 |     2 ||     4
       Reflection        |       |     1 ||     1
